 Dungeon Crawl Stone Soup version 0.31-a0-845-g9abc20d24f (webtiles) character file.

Game seed: 15459898119707808108

92 croobank the Chiller (level 4, 0/32 HPs)
             Began as a Demonspawn Ice Elementalist on Oct 2, 2023.
             Slain by a gnoll
             ... wielding a +1 halberd of freezing
              (13 damage)
             ... on level 2 of the Dungeon.
             The game lasted 00:06:23 (1997 turns).

croobank the Chiller (Demonspawn Ice Elementalist)  Turns: 1997, Time: 00:06:24

Health: 0/32       AC:  9    Str:  8    XL:     4   Next: 35%
Magic:  0/7        EV: 12    Int: 18    God:
Gold:   69         SH:  0    Dex: 14    Spells: 1/8 levels left

rFire   . . .        a - +1 short sword (speed)
rCold   . . .        (no shield)
rNeg    . . .        d - +1 robe
rPois   .            (no helmet)
rElec   .            (no cloak)
rCorr   .            (no gloves)
SInv    .            (no boots)
Will    .....        (no amulet)
Stlth   ++           (no ring)
HPRegen 0.25/turn    (no ring)
MPRegen 0.10/turn

%: no passive effects
@: ice-armoured, freezing walls
A: claws 2
a: no special abilities


You were on level 2 of the Dungeon.
You visited 1 branch of the dungeon, and saw 2 of its levels.

You collected 69 gold pieces.

Inventory:

Hand Weapons
 a - a +1 short sword of speed (weapon)
 b - a +0 sling
 h - a +0 dagger
 i - a +0 long sword
Armour
 d - a +1 robe (worn)
Jewellery
 j - a ring of fire
Scrolls
 c - a scroll of enchant armour
 f - a scroll of fog {unknown}
 m - a scroll of enchant weapon {unknown}
 n - a scroll of teleportation {unknown}
Potions
 e - a potion of enlightenment {unknown}
 g - a potion of brilliance {unknown}
 k - a potion of lignification {unknown}
 l - a potion of heal wounds {unknown}


   Skills:
 + Level 1.2 Fighting
 + Level 2.4 Dodging
 + Level 2.5 Stealth
 + Level 2.6 Spellcasting
 + Level 4.0 Ice Magic


You had one spell level left.
You knew the following spells:

 Your Spells              Type           Power      Damage    Failure   Level
a - Freeze                Ice            68%        1d8       3%          1
b - Frozen Ramparts       Ice            34%        1d6       10%         3
c - Ozocubu's Armour      Ice            17%        N/A       10%         3

Your spell library contained the following spells:

 Spells                   Type           Power      Damage    Failure   Level
 Summon Ice Beast         Ice/Summ       9%         N/A       58%         4


Dungeon Overview and Level Annotations

Branches:
Dungeon (2/15)

Altars:


Innate Abilities, Weirdness & Mutations

You have very sharp fingernails.


Message History

The gnoll barely misses you.
The gnoll hits you with a +1 halberd of freezing!
The gnoll freezes you.
Casting: Freeze (safe; 3% risk of failure)
Confirm with . or Enter, or press ? or * to list all spells.
A film of ice covers your body! The gnoll barely misses you.
The gnoll closely misses you. The gnoll hits you with a +0 spear.
Casting: Ozocubu's Armour (quite dangerous; 10% risk of failure)
Confirm with . or Enter, or press ? or * to list all spells.
Casting: Frozen Ramparts (quite dangerous; 10% risk of failure)
Press: ? - help, Dir - look around, f - activate The walls around you are covered in ice.
The wall freezes the gnoll.
The gnoll hits you but does no damage.
The wall freezes the gnoll.
The gnoll misses you.
The wall freezes the gnoll.
The gnoll closely misses you.
The wall freezes the dart slug.
The dart slug bites you but does no damage.
Casting: Frozen Ramparts (quite dangerous; 10% risk of failure)
Confirm with . or Enter, or press ? or * to list all spells.
Aiming: Freeze (safe; 3% risk of failure)
Press: ? - help, Shift-Dir - straight line, f - dart slug
Aim: a dart slug (heavily wounded)
You freeze the dart slug!
You kill the dart slug!
The wall freezes the gnoll.
The gnoll closely misses you.
The wall freezes the gnoll.
The gnoll completely misses you.
The wall freezes the gnoll.
The gnoll closely misses you.
Casting: Freeze (safe; 3% risk of failure)
Confirm with . or Enter, or press ? or * to list all spells.
You don't have enough magic to cast this spell.
The wall freezes the gnoll.
The gnoll closely misses you.
The wall freezes the gnoll but does no damage.
The gnoll closely misses you.
The wall freezes the gnoll.
The gnoll barely misses you.
Casting: Freeze (safe; 3% risk of failure)
Confirm with . or Enter, or press ? or * to list all spells.
You don't have enough magic to cast this spell.
The wall freezes the gnoll.
The gnoll hits you with a +0 spear.
The wall freezes the gnoll.
The gnoll hits you with a +1 halberd of freezing!
You die...

#.#......#..## #.#..
#............ #...#
##.......#.. ##..#
##........#.# ##...#####
.........##.# #..#......
#...........# #.....###
#.......##### ###.#..#
#..#.$..######.##<..#..#
#.......†@g............#
#.####..g###.###..g.#.####
# ##.#g## #.#g..#...#
...... #.#..#.....
###..### .........#. #<.#
#..P.PP..... #.......#
..PP..PP.... .....##..#
#...PPP.PP.#. ##.# ##.#
#.PP.PgPP.#.


You could see 3 gnolls.

Vanquished Creatures
  Jessica (D:1)
  A gnoll (D:1)
  An adder (D:1)
  A worm (D:2)
  A dart slug (D:2)
  4 endoplasms (D:1)
  3 giant cockroaches
  2 goblins
  6 hobgoblins
  5 kobolds (D:1)
  3 quokkas (D:1)
  5 ball pythons
  4 bats (D:1)
  3 frilled lizards
  A rat (D:2)
41 creatures vanquished.

Notes
Turn   | Place    | Note
-------+----------+-------------------------------------------
     0 | D:1      | croobank the Demonspawn Ice Elementalist began the quest
                  | for the Orb.
     0 | D:1      | Reached XP level 1. HP: 13/13 MP: 3/3
   377 | D:1      | Gained mutation: You have sharp fingernails. [demonic
                  | ancestry]
   377 | D:1      | Reached XP level 2. HP: 15/19 MP: 1/5
   421 | D:1      | Found a faded altar of an unknown god.
   805 | D:1      | Reached XP level 3. HP: 25/25 MP: 2/6
   988 | D:1      | Learned a level 3 spell: Frozen Ramparts
  1619 | D:2      | Noticed Jessica
  1746 | D:1      | Reached skill level 1 in Fighting
  1746 | D:1      | Reached skill level 4 in Ice Magic
  1750 | D:1      | Learned a level 3 spell: Ozocubu's Armour
  1821 | D:1      | Killed Jessica
  1822 | D:1      | Gained mutation: You have very sharp fingernails. [demonic
                  | ancestry]
  1822 | D:1      | Reached XP level 4. HP: 19/32 MP: 0/7
  1997 | D:2      | Slain by a gnoll

Illustrated notes

Levels and vault maps discovered:
D:1:      lightli_arrival_statuegarden, layout_basic,
          chequers_ecumenical_altar_island, grunt_decor_clamped
D:2:      layout_loops_ring, nicolae_grassy_gnolls, uniq_jessica

Skill      XL: |  1  2  3 |
---------------+----------+-----
Stealth        | 2 |  2.5
Dodging        | 2 |  2.4
Fighting       | 1 |  1.2
Ice Magic      | 4 |  4.0
Spellcasting   | |  2.6

Action                     |  1- 3 |  4- 6 || total
---------------------------+-------+-------++-------
  Melee: Dagger            |    21 |       ||    21
         Short sword       |    26 |     1 ||    27
   Cast: Freeze            |    49 |     1 ||    50
         Ozocubu's Armour  |     1 |     1 ||     2
         Frozen Ramparts   |     1 |     1 ||     2
    Use: Scroll            |     1 |       ||     1
         Potion            |     1 |       ||     1
   Stab: Sleeping          |     2 |       ||     2
         Distracted        |     1 |       ||     1
 Armour: Robe              |    43 |     7 ||    50
  Dodge: Dodged            |    51 |    14 ||    65

Table legend: (Time is in decaauts)
 A = Elapsed time spent in this place.
 B = Non-inter-level travel time spent in this place.
 C = Inter-level travel time spent in this place.
 D = Time resting spent in this place.
 E = Time spent auto-exploring this place.
 F = Levels seen in this place.
 G = Mean time per level.
                   A        B        C        D        E       F      G
               +--------+--------+--------+--------+--------+-----+--------+
         Total |   1999 |   1781 |    218 |    514 |    835 |   2 |  999.5 |
       Dungeon |   1999 |   1781 |    218 |    514 |    835 |   2 |  999.5 |
               +--------+--------+--------+--------+--------+-----+--------+

Top non-repeatable levels by time:
     D:1: 1752 daAuts
     D:2: 246 daAuts
